 Dungeon Crawl Stone Soup version 0.31-a0-971-g75a2e9a4b4 (webtiles) character file.

Game seed: 6553169538833440318

26 Xavori the Trooper (level 3, 30/30 HPs)
             Began as a Djinni Chaos Knight on Oct 29, 2023.
             Was a Plaything of Xom.
             Quit the game on level 1 of the Dungeon.
             The game lasted 00:01:17 (9949 turns).

Xavori the Trooper (Djinni Chaos Knight)            Turns: 9949, Time: 00:01:18

Health: 30/30      AC:  4    Str: 11    XL:     3   Next: 22%
Gold:   52         EV: 12    Int: 13    God:    Xom [.*....] SH:  0 Dex: 14

rFire   + + +        a - +0 falchion (chaos)
rCold   x . .        (no shield)
rNeg    . . .        b - +2 leather armour
rPois   ∞            (helmet restricted)
rElec   .            j - +0 cloak
rCorr   .            (no gloves)
SInv    .            (boots unavailable)
Will    .....        (no amulet)
Stlth   +            h - ring of protection from fire
HPRegen 0.25/turn    (no ring)
MPRegen 0.00/turn

%: no passive effects
@: flying
A: sickness immunity, fire resistance 2, cold vulnerability 1, float, innate
caster, HP casting, extra vitality 1, antennae 1, deformed body, MP-powered
wands
a: Renounce Religion


You were on level 1 of the Dungeon.
You worshipped Xom.
You were a plaything of Xom.
You visited 1 branch of the dungeon, and saw 2 of its levels.

You collected 52 gold pieces.

Inventory:

Hand Weapons
 a - a +0 falchion of chaos (weapon)
Armour
 b - a +2 leather armour (worn)
 j - a +0 cloak (worn)
Jewellery
 h - a ring of protection from fire (left hand)
Scrolls
 c - a scroll of butterflies
 d - a scroll of blinking {unknown}
 e - a scroll of amnesia {unknown}
 f - a scroll of teleportation {unknown}
 g - a scroll of vulnerability {unknown}
 i - a scroll of enchant weapon {unknown}


   Skills:
 + Level 3.2 Fighting
 + Level 2.9 Long Blades
 + Level 1.4 Armour
 + Level 2.5 Dodging
 * Level 0.7 Spellcasting
 * Level 0.7 Conjurations
 * Level 0.7 Hexes
   Level 0.0 Charms
 * Level 0.7 Summonings
 * Level 0.7 Necromancy
 * Level 0.7 Translocations
 * Level 0.7 Transmutations
 * Level 0.7 Fire Magic
 * Level 0.7 Ice Magic
 * Level 0.7 Air Magic
 * Level 0.7 Earth Magic
 * Level 0.7 Poison Magic


You knew the following spells:

 Your Spells              Type           Power      Damage    Failure   Level
a - Slow                  Hex            8%         N/A       28%         1
Your spell library was empty.

Dungeon Overview and Level Annotations

Branches:
Dungeon (2/15)

Altars:

Shops:
D:1 (


Innate Abilities, Weirdness & Mutations

You are immune to sickness and miasma.
You are immune to poison.
Your flesh is very heat resistant. (rF++)
You are vulnerable to cold. (rC-)
You float through the air rather than walking.
You learn spells naturally, not from books.
Your magical power is your life essence.
You have superior vitality. (+4 MHP)
You have a pair of small antennae on your head.
Armour fits poorly on your strangely shaped body.
You expend health (3 HP) to strengthen your wands.


Message History

Done waiting.
You start waiting.
Done waiting.
You start waiting.
Xom is getting BORED.
You start waiting.
Xom is getting BORED.
You start waiting.
Xom is getting BORED.
You start waiting.
You are now a BORING thing.
You start waiting.
Xom's attention almost turns to you for a moment.
Your eyebrows briefly feel incredibly bushy.
You are now a toy of Xom.
You start waiting. "See what I see, my child!"
You detect nothing.
You start waiting.
Done waiting.
You start waiting.
You almost hear Xom's maniacal laughter.
Your scroll labelled VAHUGO OVUEDD falls out of your pack, then immediately jumps back in!
You are now a special plaything of Xom.
You start waiting.
Done waiting.
You start waiting.
Done waiting.
You start waiting.
Done waiting.
You start waiting. "Fight to survive, mortal."
You are now a plaything of Xom.
There are monsters nearby!
There are monsters nearby!
There are monsters nearby!
There are monsters nearby!
There are monsters nearby!
There are monsters nearby!
Are you sure you want to abandon this character and quit the game? (Confirm with "yes".)

##.######.##....###..##.###. ##
#.# #..##....##.....##.. .# #.#
######....#######... .# ##'##
#......####.... .# ##...##
##............# ## ##.....##
#######......#### # ##.......##
##.### ########
###.........####....#############
..'.........+..5@................
###.........####.5......######...
# ##.......## ##.####### #..# #
##.....## #.# #..# # ##...## #.#
##.# ##'## #.# #.# #.# #.# #.#
##### #.#########.# #.#
:...###.##).......# #.#


You could see a quasit (summoned) and a white imp (summoned).

Vanquished Creatures
  2 bats (D:1)
  5 endoplasms
  3 giant cockroaches (D:1)
  A goblin (D:1)
  A hobgoblin (D:1)
  A quokka (D:1)
  4 ball pythons (D:1)
  3 kobolds (D:1)
  4 rats (D:1)
24 creatures vanquished.

Notes
Turn   | Place    | Note
-------+----------+-------------------------------------------
     0 | D:1      | Xavori the Djinni Chaos Knight began the quest for the Orb.
     0 | D:1      | Reached XP level 1. HP: 20/20 MP: 0/0
    30 | D:1      | XOM: silly message
   264 | D:1      | Reached XP level 2. HP: 25/25 MP: 0/0
   536 | D:1      | Found Axtiteaz's Weapon Shop.
   580 | D:1      | Reached XP level 3. HP: 26/30 MP: 0/0
   580 | D:1      | Learned a level 1 spell: Slow
   594 | D:1      | XOM: silly message
   836 | D:2      | XOM: silly message
   995 | D:1      | XOM: divination: detect items
  1059 | D:1      | XOM: silly message
  1376 | D:1      | XOM: give mutation
  1376 | D:1      | Gained mutation: Your muscles are strong. (Str +4, Int/Dex
                  | -1) [Xom's mischief]
  1907 | D:1      | XOM: summons 1 hostile demon
  2044 | D:1      | XOM: noise
  2904 | D:1      | XOM: summons 1 hostile shadow creature
  3593 | D:2      | XOM: cloud trail
  3821 | D:2      | XOM: silly message
  3921 | D:1      | XOM is BORED!
  4806 | D:1      | XOM: summons 1 hostile demon
  5203 | D:1      | XOM: give mutations
  5203 | D:1      | Gained mutation: You have a pair of small antennae on your
                  | head. [Xom's mischief]
  5203 | D:1      | Lost mutation: Your muscles are strong. (Str +4, Int/Dex
                  | -1) [Xom's mischief]
  5203 | D:1      | Gained mutation: You expend health (3 HP) to strengthen
                  | your wands. [Xom's mischief]
  5203 | D:1      | Gained mutation: Armour fits poorly on your strangely
                  | shaped body. [Xom's mischief]
  5498 | D:1      | XOM: scenery: 1 doors close
  5963 | D:1      | XOM: noise
  6603 | D:1      | XOM: noise
  7877 | D:1      | XOM: silly message
  8208 | D:1      | XOM: silly message
  8984 | D:1      | XOM: divination: magic mapping
  9374 | D:1      | XOM is BORED!
  9374 | D:1      | XOM: silly message
  9425 | D:1      | XOM: divination: detect creatures
  9599 | D:1      | XOM: silly message
  9948 | D:1      | XOM: summons 2 hostile demons
  9949 | D:1      | Quit the game

Illustrated notes

Levels and vault maps discovered:
D:1:      dpeg_arrival_snail, layout_loops_corners, serial_shops, shop
D:2:      layout_basic, uniq_terence, uniq_natasha

Action                     || total
---------------------------++-------
  Melee: Falchion          ||    70
         Punch             ||     1
   Stab: Sleeping          ||     2
 Armour: Leather armour    ||    36
  Dodge: Dodged            ||    53

Table legend: (Time is in decaauts)
 A = Elapsed time spent in this place.
 B = Non-inter-level travel time spent in this place.
 C = Inter-level travel time spent in this place.
 D = Time resting spent in this place.
 E = Time spent auto-exploring this place.
 F = Levels seen in this place.
 G = Mean time per level.
                   A        B        C        D        E       F      G
               +--------+--------+--------+--------+--------+-----+--------+
         Total |   9964 |   9866 |     98 |   9001 |    658 |   2 | 4982.0 |
       Dungeon |   9964 |   9866 |     98 |   9001 |    658 |   2 | 4982.0 |
               +--------+--------+--------+--------+--------+-----+--------+

Top non-repeatable levels by time:
     D:1: 8611 daAuts
     D:2: 1353 daAuts
